 Dungeon Crawl Stone Soup version 0.31.0-11-ge490571c62 (webtiles) character file.

Game seed: 15098760063567548409

142 qw the Shooter (level 5, -2/27 HPs)
             Began as a Spriggan Hunter on Feb 5, 2024.
             Incinerated by a bombardier beetle (4 damage)
             ... with a burning spray
             ... on level 3 of the Dungeon.
             The game lasted 00:00:42 (1892 turns).

qw the Shooter (Spriggan Hunter)                    Turns: 1892, Time: 00:00:43

Health: -2/27      AC:  2    Str:  7    XL:     5   Next: 3%
Magic:  6/6        EV: 20    Int: 11    God:
Gold:   179        SH:  0    Dex: 20    Spells: 4/4 levels left

rFire   . . .        a - +1 shortbow
rCold   . . .        (shield currently unavailable)
rNeg    . . .        c - +0 robe
rPois   .            (helmet restricted)
rElec   .            (no cloak)
rCorr   .            (gloves unavailable)
SInv    +            (boots unavailable)
Will    .....        (no amulet)
Stlth   +            (no ring)
HPRegen 0.24/turn    (no ring)
MPRegen 0.10/turn

%: no passive effects
@: on fire, glowing, very quick
A: very small, no large weapons, unfitting armour, see invisible, speed 3
a: no special abilities


You were on level 3 of the Dungeon.
You visited 1 branch of the dungeon, and saw 3 of its levels.

You collected 179 gold pieces.


Innate Abilities, Weirdness & Mutations

You are very small and have problems with some larger weapons.
You are too small for most types of armour.
You have supernaturally acute eyesight. (SInv)
You cover ground extremely quickly. (Speed+++)


   Skills:
 - Level 2.3 Fighting
 + Level 5.0 Ranged Weapons
 - Level 5.0 Dodging
 - Level 1.5 Stealth


You had 4 spell levels left.
You didn't know any spells.
Your spell library was empty.

Inventory:

Hand Weapons
 a - a +1 shortbow (weapon)
Armour
 c - a +0 robe (worn)
 e - a +0 cloak
Scrolls
 f - a scroll of brand weapon {unknown}
Potions
 b - a potion of ambrosia {unknown}
 d - a potion of invisibility {unknown}
 g - a potion of curing {unknown}

Dungeon Overview and Level Annotations

Branches:
Dungeon (3/15)

Altars:

Shops:
D:1 (


Message History

You now have 179 gold pieces (gained 8).
You see here a +0 leather armour.
There is a stone staircase leading down here.
You see here a ball python skeleton.
A bombardier beetle comes into view.
You shoot an arrow. The arrow hits the bombardier beetle.
The bombardier beetle is lightly wounded.
The bombardier beetle sprays incendiary fluid at you.
The burning spray misses you.
You shoot an arrow. The arrow hits the bombardier beetle!
The bombardier beetle is heavily wounded.
You shoot an arrow. The arrow hits the bombardier beetle.
The bombardier beetle is heavily wounded.
You shoot an arrow.
The arrow barely misses the bombardier beetle.
You shoot an arrow. The arrow hits the bombardier beetle.
The bombardier beetle is almost dead.
The bombardier beetle sprays incendiary fluid at you.
The burning spray hits you.
You are covered in liquid fire!
You shoot an arrow. The arrow hits the bombardier beetle.
You kill the bombardier beetle!
The liquid fire burns you!
Your Fighting skill increases to level 2!
You have reached level 5!
You feel clever.
You are on fire!
The liquid fire burns you!
You are on fire!
The liquid fire burns you!
You are on fire!
The liquid fire burns you!
You are on fire!
The liquid fire burns you!
You are on fire!
The liquid fire burns you!
You are on fire!
The liquid fire burns you!
You are on fire!
The liquid fire burns you!
You die...

...#.......#..##.#.# #.......#
......#.#......#.#.# #.......#
........##.#.....#.# #.......#
.#.#########.#.###.###########
.#.......<.........##:...#
.###########.#.#.........# ##
...#...........#
########....#.### #.@..<##.#
#.#.#.##.# #.#.#.##.#
#.#.#.##.# #.#.#.##.#
#.#.#.##.# ..#..(##.. ##
#######


There were no monsters in sight!

Vanquished Creatures
  A bombardier beetle (D:3)
  A gnoll (D:1)
  2 adders
  2 dart slugs (D:1)
  4 ribbon worms
  5 ball pythons
  5 bats
  6 endoplasms
  4 giant cockroaches
  3 goblins (D:1)
  9 hobgoblins
  4 jackals (D:1)
  5 kobolds
  A quokka (D:2)
  5 frilled lizards
  6 rats
63 creatures vanquished.

Notes
Turn   | Place    | Note
-------+----------+-------------------------------------------
     0 | D:1      | qw the Spriggan Hunter began the quest for the Orb.
     0 | D:1      | Reached XP level 1. HP: 10/10 MP: 2/2
     0 | D:1      | 0 ||| qw: Version: 0.3-a-160-g6735b56
     0 | D:1      | 0 ||| qw: Game counter: 6364
     0 | D:1      | 0 ||| qw: Melee chars always use a shield: true
     0 | D:1      | 0 ||| qw: God list: Okawaru
     0 | D:1      | 0 ||| qw: Allow faded altars: false
     0 | D:1      | 0 ||| qw: Do Orc after clearing Dungeon:15 true
     0 | D:1      | 0 ||| qw: Do second Lair branch before Depths: true
     0 | D:1      | 0 ||| qw: Lair rune preference: random
     0 | D:1      | 0 ||| qw: Goals: Normal
     0 | D:1      | 0 ||| PLANNING D:1-11
    24 | D:1      | Found Deoceth's Antique Weapon Boutique.
    35 | D:1      | Reached skill level 3 in Dodging
    41 | D:1      | Reached XP level 2. HP: 14/14 MP: 3/3
   105 | D:1      | HP: 3/14 [ribbon worm (5)]
   292 | D:1      | Reached XP level 3. HP: 18/18 MP: 4/4
   794 | D:1      | 794 ||| READING scroll labelled LIANUEMMEUDA.
   794 | D:1      | 794 ||| ENCHANTING +0 shortbow.
   795 | D:1      | 795 ||| READING scroll labelled ALEONN HURAO.
   796 | D:1      | 796 ||| DROPPING scroll of butterflies.
  1022 | D:2      | Reached XP level 4. HP: 22/22 MP: 5/5
  1430 | D:2      | 1430 ||| READING scroll labelled KUQAEM DA QOP.
  1886 | D:3      | Reached XP level 5. HP: 23/27 MP: 6/6
  1890 | D:3      | HP: 5/27 [burnt (4)]
  1891 | D:3      | HP: 1/27 [burnt (4)]
  1892 | D:3      | Incinerated by a bombardier beetle

Levels and vault maps discovered:
D:1:      tarquinn_simple_flora_water_c, layout_basic, serial_shops,
          nicolae_diamond_shop, minmay_misc_feat_iff, wad_floor_pattern_1,
          nicolae_wormholes
D:2:      layout_loops_ring
D:3:      layout_basic, uniq_jessica

Skill      XL: |  1  2  3  4 |
---------------+-------------+-----
Dodging        | 4 5 |  5.0
Ranged Weapons | 5 |  5.0
Fighting       | 2 |  2.3
Stealth        | |  1.5

Action                     |  1- 3 |  4- 6 || total
---------------------------+-------+-------++-------
   Fire: Shortbow          |   100 |    67 ||   167
    Use: Scroll            |     2 |     1 ||     3
 Armour: Robe              |     9 |     2 ||    11
  Dodge: Dodged            |    19 |     5 ||    24

Table legend:
 A = Non-vault XP
 B = Vault XP
 C = Vault XP percentage of total XP
 D = Non-vault monster count
 E = Vault monster count
 F = Vault count percentage of total count
                 A         B        C        D         E       F
            +---------+---------+-------+---------+---------+-------
      Total |     194 |       9 |   4.4 |      61 |       2 |   3.2
            +---------+---------+-------+---------+---------+-------
        D:1 |      64 |       9 |  12.3 |      28 |       2 |   6.7
        D:2 |      40 |       0 |   0.0 |      18 |       0 |   0.0
        D:3 |      90 |       0 |   0.0 |      15 |       0 |   0.0
            +---------+---------+-------+---------+---------+-------
